 Dungeon Crawl Stone Soup version 0.30-a0-591-g3c58d2bc28 (webtiles) character file.

Game seed: 18333457370797388865

1378 omnomnOMINOUS the Trooper (level 8, 0/55 HPs)
             Began as an Octopode Wanderer on Jan 5, 2023.
             Was a Follower of the Shining One.
             Slain by a centaur
             ... wielding the +1 hand axe "Amusk" {flame, rPois Will++}
              (1 damage)
             ... on level 7 of the Dungeon on Jan 6, 2023.
             The game lasted 00:20:50 (6162 turns).

omnomnOMINOUS the Trooper (Octopode Wanderer)       Turns: 6162, Time: 00:20:50

Health: 0/55       AC:  1    Str: 17    XL:     8   Next: 66%
Magic:  10/12      EV: 14    Int: 21    God:    the Shining One [*.....]
Gold:   1914       SH:  0    Dex: 13    Spells: 3/13 levels left

rFire   . . .      SeeInvis .    b - +9 hand axe of Woluetau {heavy, rC+ Will+ Str+8 Int-2}
rCold   + . .      Faith    .    (no shield)
rNeg    . . .      Spirit   .    d - +0 hat
rPois   .          Reflect  .    (no amulet)
rElec   .          Harm     .    q - +6 ring of intelligence
rCorr   .          Rampage  .    (no ring)
Will    +....                    (no ring)
Stlth   ++                       (no ring)
HPRegen 0.29/turn                (no ring)
MPRegen 0.13/turn                (no ring)
                                 (no ring)
                                 (no ring)

@: lethally poisoned (0 -> -7), glowing
A: almost no armour, amphibious, 8 rings, camouflage 1, gelatinous body 1,
(nimble swimmer 1), tentacles
a: Renounce Religion, Divine Shield


You were on level 7 of the Dungeon.
You worshipped the Shining One.
The Shining One was aware of your devotion.
You visited 1 branch of the dungeon, and saw 7 of its levels.

You collected 1914 gold pieces.

Inventory:

Hand Weapons
 b - the +9 hand axe of Woluetau (weapon) {heavy, rC+ Will+ Str+8 Int-2}
   (You found it on level 6 of the Dungeon)

   Str:       It affects your strength (+8).
   Int:       It affects your intelligence (-2).
   rC:        It protects you from cold.
   Will:      It increases your willpower.
 c - a +1 dagger of speed
Missiles
 m - 18 poisoned darts
 r - 2 silver javelins
 x - 3 curare-tipped darts
Armour
 d - a +0 hat (worn)
Magical Staves
 a - a staff of air
Jewellery
 q - a +6 ring of intelligence (left tentacle)
Wands
 k - a wand of flame (6)
 u - a wand of iceblast (11)
 v - a wand of acid (10)
Scrolls
 h - a scroll of blinking
 p - 3 scrolls of fog
 s - a scroll of magic mapping
 y - a scroll of teleportation {unknown}
Potions
 e - a potion of might
 f - a potion of magic {unknown}
 g - a potion of flight
 i - a potion of brilliance
 j - a potion of resistance {unknown}
 l - a potion of mutation {unknown}
 n - a potion of curing {unknown}
 o - 4 potions of heal wounds
 t - a potion of cancellation
 w - 4 potions of haste


   Skills:
 + Level 5.2 Fighting
 - Level 0.1 Short Blades
 + Level 1.8(2.3) Axes
 - Level 2.0(2.3) Maces & Flails
 + Level 4.6 Dodging
 - Level 3.5 Stealth
 - Level 3.0 Spellcasting
 - Level 3.0 Conjurations
 - Level 0.1 Hexes
 + Level 3.8 Translocations
 + Level 4.4 Air Magic


You had 3 spell levels left.
You knew the following spells:

 Your Spells              Type           Power      Damage    Failure   Level
a - Shock                 Conj/Air       72%        1d7       3%          1
b - Confusing Touch       Hex            3%         N/A       36%         3
c - Blink                 Tloc           38%        N/A       4%          2
d - Manifold Assault      Tloc           19%        N/A       28%         4

Your spell library contained the following spells:

 Spells                   Type           Power      Damage    Failure   Level
 Swiftness                Air            21%        N/A       6%          3
 Kiss of Death            Conj/Necr      36%        2d8       7%          1
 Vhi's Electric Charge    Tloc/Air       40%        N/A       8%          3
 Beastly Appendage        Tmut           6%         N/A       13%         1
 Wereblood                Tmut           3%         N/A       21%         2
 Spider Form              Tmut/Pois      3%         N/A       36%         3
 Airstrike                Air            10%        2d(2-18)  22%         4
 Dispel Undead            Necr           3%         3d7       78%         4
 Storm Form               Tmut/Air       6%         N/A       100%        7


Dungeon Overview and Level Annotations

Branches:
Dungeon (7/15)             Temple (0/1) D:4

Altars:
Fedhas
Kikubaaqudgha
Qazlal
Sif Muna
Xom
Zin
The Shining One

Shops:
D:5 *

Annotations:
D:7 exclusions: centaur and steam dragon


Innate Abilities, Weirdness & Mutations

You cannot wear most types of armour.
You are amphibious.
You can wear up to eight rings at the same time.
Your skin changes colour to match your surroundings (Stealth+).
Your rubbery body absorbs attacks. (AC +1, EV +1)
((You are camouflaged when in or above water. (Stealth+)))
You have tentacles for arms and can constrict up to eight enemies at once.


Message History

The centaur shouts!
You hear an angry buzzing noise.
The centaur hits you with the +1 hand axe "Amusk" {flame, rPois Will++}!
The centaur burns you. The centaur kicks you.
You hear a shout! x2
You feel very mighty all of a sudden.
You hear an angry buzzing noise. x2
The centaur misses you. The centaur barely misses you. x2
The centaur kicks you. The killer bee stings you.
You feel stronger.
You feel stupid.
b - the +9 hand axe of Woluetau (weapon)
{heavy, rC+ Will+ Str+8 Int-2} The killer bee closely misses you.
The centaur misses you. The centaur kicks you.
You slash the centaur!
The centaur is heavily wounded.
You slash the killer bee! The killer bee closely misses you.
The centaur barely misses you. The centaur closely misses you.
The killer bee stings you.
You are poisoned.
The killer bee poisons you!
The centaur hits you with the +1 hand axe "Amusk" {flame, rPois Will++}.
The centaur burns you. The centaur misses you. The killer bee misses you.
Unknown command.
It was a potion of cancellation.
Your magical effects are unravelling.
You feel magically purged.
You feel a little less mighty now.
You feel very sick. The killer bee closely misses you.
The centaur hits you with the +1 hand axe "Amusk" {flame, rPois Will++}.
* * * LOW HITPOINT WARNING * * *
The centaur burns you.
* * * LOW HITPOINT WARNING * * *
The centaur kicks you.
* * * LOW HITPOINT WARNING * * *
The killer bee barely misses you.
The centaur hits you with the +1 hand axe "Amusk" {flame, rPois Will++}!
* * * LOW HITPOINT WARNING * * *
The centaur burns you.
You die...

...........###
###....))....###
###
####...#)....#...
#####.###.#.# #.#
... #.###o#.# #
#.....#
#.####y###
#.c@yo..#
######..# #..#
#..# ...# .#.##
)...# .# ### #.


You could see an orc warrior, a centaur and 2 killer bees.

Vanquished Creatures
  A water moccasin (D:5)
  An ice beast (D:5)
  A sky beast (D:6)
  An orc warrior (D:6)
  2 phantoms
  2 bullfrogs (D:6)
  2 necrophages
  3 scorpions
  A killer bee (D:7)
  A jelly (D:5)
  A hound (D:5)
  An orc priest (D:7)
  Crazy Yiuf (D:5)
  An iguana (D:6)
  3 orc wizards
  9 adders
  An ufetubus (D:4)
  2 dart slugs
  12 orcs
  7 ball pythons
  3 endoplasms
  3 giant cockroaches
  5 goblins
  5 hobgoblins (D:4)
  2 jackals (D:2)
  4 quokkas (D:4)
  2 bats
  2 frilled lizards
  11 kobolds
  3 rats
93 creatures vanquished.

Vanquished Creatures (others)
  2 fungi (D:3)
  A plant (D:3)
3 creatures vanquished.

Grand Total: 96 creatures vanquished

Notes
Turn   | Place    | Note
-------+----------+-------------------------------------------
     0 | D:1      | omnomnOMINOUS the Octopode Wanderer began the quest for the
                  | Orb.
     0 | D:1      | omnomnOMINOUS set off with the following items: a +2 mace,
                  | a +0 hat, a scroll of fog; and the following spell
                  | memorised: Shock; and the following spells available to
                  | memorise: Vhi's Electric Charge.
     0 | D:1      | Reached XP level 1. HP: 14/14 MP: 3/3
   256 | D:1      | Reached XP level 2. HP: 17/19 MP: 5/5
   917 | D:2      | Reached skill level 1 in Dodging
   917 | D:2      | Reached XP level 3. HP: 20/25 MP: 6/6
   921 | D:2      | Learned a level 3 spell: Confusing Touch
  1449 | D:3      | Found a faded altar of an unknown god.
  1472 | D:3      | Found a blossoming altar of Fedhas.
  1553 | D:3      | Found a glowing golden altar of the Shining One.
  1592 | D:3      | Became a worshipper of the Shining One
  1893 | D:3      | Found a stormy altar of Qazlal.
  2273 | D:4      | Noticed a scorpion
  2309 | D:4      | Reached XP level 4. HP: 30/30 MP: 1/7
  2905 | D:4      | Reached skill level 1 in Conjurations
  3116 | D:4      | Noticed a necrophage
  3140 | D:4      | Reached XP level 5. HP: 36/36 MP: 4/9
  3141 | D:4      | Reached skill level 3 in Fighting
  3335 | D:4      | Found a staircase to the Ecumenical Temple.
  3397 | D:4      | Found an ancient bone altar of Kikubaaqudgha.
  3397 | D:4      | Found a shimmering altar of Xom.
  3594 | D:5      | Entered Level 5 of the Dungeon
  3604 | D:5      | Learned a level 2 spell: Blink
  3609 | D:5      | Learned a level 4 spell: Manifold Assault
  3844 | D:5      | Noticed a phantom
  3885 | D:5      | Noticed a water moccasin
  3963 | D:5      | Found Zin's Purification Station.
  3968 | D:5      | Found a glowing silver altar of Zin.
  4044 | D:5      | Reached XP level 6. HP: 41/42 MP: 10/10
  4047 | D:5      | Reached skill level 1 in Translocations
  4064 | D:5      | Noticed an ice beast
  4070 | D:5      | Killed an ice beast
  4075 | D:5      | Reached XP level 7. HP: 44/47 MP: 11/11
  4162 | D:5      | Found a runed translucent door.
  4163 | D:5      | Noticed Crazy Yiuf
  4174 | D:5      | Killed Crazy Yiuf
  4363 | D:5      | Found a shimmering blue altar of Sif Muna.
  4541 | D:5      | Reached skill level 4 in Fighting
  4878 | D:6      | Identified the +6 flail of Intimidation {chaos, Drain Int+8
                  | Dex+4}
  4897 | D:6      | Identified 2 scrolls of acquirement
  4902 | D:6      | Acquired 880 gold pieces
  4904 | D:6      | Acquired 730 gold pieces
  5013 | D:6      | Reached XP level 8. HP: 54/54 MP: 7/12
  5204 | D:6      | Identified the +9 hand axe of Woluetau {heavy, rC+ Will+
                  | Str+8 Int-2}
  5542 | D:6      | Reached skill level 1 in Axes
  5711 | D:6      | Reached skill level 5 in Fighting
  5955 | D:7      | Reached * piety under the Shining One
  6157 | D:7      | Identified the +1 hand axe "Amusk" {flame, rPois Will++}
  6162 | D:7      | HP: 1/55 [centaur/the +1 hand axe "Amusk" {flame, rPois
                  | Will++} (8)]
  6162 | D:7      | Slain by a centaur

Illustrated notes

Levels and vault maps discovered:
D:1:      dpeg_arrival_tiny_e, layout_loops_ring, minivault_23
D:2:      layout_basic
D:3:      layout_loops_ring, mainiacjoe_overflow_alcove_2, fedhas_altar_3,
          tso_metal_star, serial_glass, glass_columns_a, glass_columns_b,
          shapermc_ecumenical_altar_mp_ritualfount
D:4:      minmay_razor_zed, layout_rooms, gammafunk_temple_overflow_wave,
          minmay_temple_entry_statues
D:5:      layout_basic, zin_purify, led_sif_book, serial_glass, glass_columns_c,
          glass_columns_a, item_on_display_a, due_unseen_surprise,
          uniq_crazy_yiuf_cottage
D:6:      layout_basic, serial_bayou_pond_d, hangedman_decor_clover_reticule,
          minmay_misc_feat_five, minivault_23
D:7:      cheibrodos_fzero, layout_loops_ring

Skill      XL: |  1  2  3  4  5  6  7  8 |
---------------+-------------------------+-----
Stealth        | 3 |  3.5
Dodging        | 1 2 3 4 |  4.6
Conjurations   | 1 2 3 |  3.0
Fighting       | 3 4 5 |  5.2
Spellcasting   | 3 |  3.0
Translocations | 1 2 3 |  3.8
Air Magic      | 3 4 |  4.4
Axes           | 1 |  1.8
Short Blades   | |  0.1
Maces & Flails | |  2.0
Hexes          | |  0.1

Action                   |  1- 3 |  4- 6 |  7- 9 || total
-------------------------+-------+-------+-------++-------
Melee: Mace              |    51 |    26 |    11 ||    88
       Constrict         |    18 |     6 |     8 ||    32
       Tentacles         |     9 |     9 |     4 ||    22
       Hand axe          |       |       |    16 ||    16
 Cast: Shock             |     5 |    46 |    60 ||   111
  Use: Scroll            |       |     2 |     8 ||    10
       Potion            |       |     1 |     3 ||     4
 Stab: Sleeping          |     3 |       |       ||     3
       Distracted        |     1 |       |       ||     1
Armor: Skin              |     5 |     2 |     3 ||    10
Dodge: Dodged            |    21 |    26 |    44 ||    91

Table legend: (Time is in decaauts)
 A = Elapsed time spent in this place.
 B = Non-inter-level travel time spent in this place.
 C = Inter-level travel time spent in this place.
 D = Time resting spent in this place.
 E = Time spent auto-exploring this place.
 F = Levels seen in this place.
 G = Mean time per level.
                   A        B        C        D        E       F      G
               +--------+--------+--------+--------+--------+-----+--------+
         Total |   6196 |   5765 |    431 |    768 |   4134 |   7 |  885.1 |
       Dungeon |   6196 |   5765 |    431 |    768 |   4134 |   7 |  885.1 |
               +--------+--------+--------+--------+--------+-----+--------+

Top non-repeatable levels by time:
     D:4: 1406 daAuts
     D:5: 1144 daAuts
     D:6: 1078 daAuts
     D:3: 859 daAuts
     D:2: 856 daAuts
     D:1: 676 daAuts
     D:7: 173 daAuts
